 Dungeon Crawl Stone Soup version 0.29-a0-1016-g236c7fd91e (webtiles) character file.

Game seed: 17395452796262930425

2275 miscthings the Cleaver (level 9, -7/70 HPs)
             Began as a Meteoran Fighter on Aug 9, 2022.
             Was a Believer of the Shining One.
             Mangled by a gnoll sergeant
             ... wielding a +0 halberd
              (11 damage)
             ... in a bailey.
             The game lasted 00:10:15 (3553 turns).

miscthings the Cleaver (Meteoran Fighter)           Turns: 3553, Time: 00:10:15

Health: -7/70      AC:  9    Str: 19    XL:     9   Next: 97%
Magic:  19/19      EV:  5    Int:  8    God:    the Shining One [**....]
Gold:   326        SH:  0    Dex: 20    Spells: 8/8 levels left

rFire   . . .      SeeInvis .   a - +0 war axe
rCold   . . .      Faith    .   c - +0 buckler
rNeg    + + .      Spirit   .   C - +1 ring mail "Poeh" {Stlth+}
rPois   +          Reflect  .   q - +0 helmet
rElec   .          Harm     .   (no cloak)
rCorr   .          Rampage  .   (no gloves)
Will    +....                   p - +0 pair of boots of Eternity {MP+9 Int-3 Dex+4}
Stlth   ++........              (no amulet)
HPRegen 0.21/turn               o - ring of positive energy
MPRegen 0.16/turn               e - ring of flight

@: flying, held, glowing
A: sense surroundings 2, otherworldly, glowing, explore regen, thin skeletal
structure 1, clumsy 1, poison resistance, screaming 1
a: Renounce Religion, Divine Shield


You were in a bailey.
You worshipped the Shining One.
The Shining One was pleased with you.
You visited 2 branches of the dungeon, and saw 8 of its levels.
You also visited: Bailey.

You collected 326 gold pieces.

Inventory:

Hand Weapons
 a - a +0 war axe (weapon)
Missiles
 D - 3 throwing nets (quivered)
Armour
 c - a +0 buckler (worn)
 p - the +0 pair of boots of Eternity (worn) {MP+9 Int-3 Dex+4}
   (You found it on level 2 of the Dungeon)

   Int:       It affects your intelligence (-3).
   Dex:       It affects your dexterity (+4).
   MP:        It affects your magic capacity (+9).
 q - a +0 helmet (worn)
 C - the +1 ring mail "Poeh" (worn) {Stlth+}
   (You took it off a gnoll on level 6 of the Dungeon)

   Stlth:     It makes you more stealthy.
Jewellery
 e - a ring of flight (right hand)
 i - a +6 ring of intelligence
 o - a ring of positive energy (left hand)
 B - a ring of positive energy
Wands
 v - a wand of iceblast (6)
Scrolls
 f - a scroll of enchant armour {unknown}
 g - 3 scrolls of fear {unknown}
 h - a scroll of summoning {unknown}
 r - a scroll of fog {unknown}
 s - 4 scrolls of teleportation
 u - a scroll of brand weapon {unknown}
 y - a scroll of immolation {unknown}
 z - a scroll of blinking {unknown}
 A - a scroll of amnesia {unknown}
Potions
 d - a potion of might
 j - 2 potions of cancellation
 l - 2 potions of mutation
 m - 2 potions of brilliance
 n - a potion of attraction
 t - a potion of curing
 w - a potion of lignification
 x - a potion of ambrosia


   Skills:
 - Level 3.2 Fighting
 + Level 13.9 Axes
 - Level 4.0 Throwing
 - Level 3.6 Armour
 - Level 3.6 Shields


You had 8 spell levels left.
You didn't know any spells.
Your spell library contained the following spells:

 Spells                   Type           Power      Damage    Failure   Level
 Apportation              Tloc           0%         N/A       67%         1
 Necrotise                Necr           0%         1d4       67%         1
 Summon Small Mammal      Summ           0%         N/A       67%         1
 Static Discharge         Conj/Air       0%         3-3/arc   82%         2
 Freezing Cloud           Conj/Ice/Air   0%         6-21      100%        5
 Conjure Ball Lightning   Conj/Air       0%         3x3d6     100%        6
 Malign Gateway           Summ/Tloc      0%         N/A       100%        7


Dungeon Overview and Level Annotations

Branches:
Dungeon (7/15) Zot: 887    Temple (1/1) D:4 Zot: 383  Bailey (1/1) Zot: 501

Altars:
Ashenzari
Cheibriados
Dithmenos
Elyvilon
Fedhas
Gozag
Kikubaaqudgha
Makhleb
Nemelex Xobeh
Okawaru
Qazlal
Ru
Sif Muna
Uskayaw
Vehumet
Wu Jian
Zin
The Shining One

Shops:
D:6 [

Annotations:
D:5 2 transporters, flotson's ghost, weakling DsDe


Innate Abilities, Weirdness & Mutations

You passively map the area around you.
You are easily found by Zot.
You glow in the dark.
You regain HP and MP as you explore.
You have a somewhat thin skeletal structure. (Dex +2, Stealth+)
You are clumsy. (Dex -2)
Your system is resistant to poisons. (rPois)
You occasionally shout uncontrollably at your foes.


Message History

You kill the gnoll!
You hear a shout! x3
Throw: 4 throwing nets
Press: ? - help, Q - select action, (/) - cycle Shift-Dir - straight line, f - gnoll sergeant
Aim: a gnoll sergeant, wielding a +0 halberd and wearing a +0 chain mail (severely wounded, covering ground quickly, 75% to hit)
You throw a throwing net.
The throwing net hits the gnoll sergeant.
The gnoll sergeant is caught in the net!
The gnoll sergeant is severely wounded.
The gnoll sergeant struggles against the net.
The gnoll sergeant struggles against the net.
The gnoll sergeant struggles against the net.
You block the gnoll sergeant's attack.
The gnoll hits you from afar with a +0 halberd.
The gnoll sergeant struggles against the net.
You hit the gnoll sergeant.
The gnoll sergeant is almost dead.
The gnoll sergeant is no longer moving quickly.
The gnoll sergeant hits you from afar with a +0 halberd.
The gnoll hits you but does no damage.
The gnoll sergeant struggles against the net.
You slash the gnoll sergeant!
You kill the gnoll sergeant!
The gnoll sergeant hits you from afar with a +0 halberd!
* * * LOW HITPOINT WARNING * * *
The gnoll throws a throwing net.
The throwing net hits you.
You become entangled in the net!
You hear a splash.
You struggle against the net.
The gnoll sergeant hits you from afar with a +0 halberd!
* * * LOW HITPOINT WARNING * * *
The gnoll hits you from afar with a +0 halberd.
The Shining One protects you from harm!
Okay, then.
It was a potion of lignification.
You feel woody for a moment.
A gnoll comes into view. It is wielding a +0 trident.
The gnoll sergeant barely misses you. The gnoll hits you but does no damage.
It was a potion of magic.
Magic courses through your body.
The gnoll sergeant hits you from afar with a +0 halberd!
You die...

♣≈# , ,, ♣≈#,, ,
♣≈# , ..$8 ## ♣≈#
....., ... ♣≈#
*.g.. *#... ♣≈# ,
.g. *.... ♣≈#8,
##'##....8 ♣≈#,
,#g..#g.... ♣@## ,
,+..g'....# ♣≈)##
,#...# ,*
♣≈gg#####)..#####.
♣≈).g.....).......
♣≈≈...............
♣♣≈≈≈≈≈≈≈≈≈≈≈≈≈≈≈≈
♣♣♣♣♣♣♣♣♣♣♣♣♣♣♣♣♣


You could see a gnoll sergeant (swift) and 2 gnolls.

Vanquished Creatures
  Prince Ribbit (D:5)
  A water moccasin (D:5)
  An orc warrior (D:4)
  A sky beast (D:7)
  An ice beast (D:5)
  2 black bears
  2 phantoms
  A gnoll sergeant (Bailey)
  4 necrophages
  3 howler monkeys (D:7)
  10 hounds
  2 orc priests
  3 gnoll boudas
  A jelly (D:5)
  5 iguanas
  4 orc wizards
  Robin (D:3)
  8 gnolls
  4 adders (D:3)
  3 white imps (D:6)
  An ufetubus (D:4)
  3 worms
  3 dart slugs
  17 orcs
  3 bats (D:3)
  4 endoplasms
  2 giant cockroaches
  16 goblins
  6 hobgoblins
  8 jackals
  4 quokkas
  5 ball pythons
  3 frilled lizards
  5 kobolds
  4 rats (D:1)
142 creatures vanquished.

Notes
Turn   | Place    | Note
-------+----------+-------------------------------------------
     0 | D:1      | miscthings the Meteoran Fighter began the quest for the
                  | Orb.
     0 | D:1      | Reached XP level 1. HP: 19/19 MP: 2/2
   108 | D:1      | Reached XP level 2. HP: 22/26 MP: 3/3
   122 | D:1      | Reached skill level 1 in Throwing
   142 | D:1      | Reached skill level 3 in Axes
   292 | D:1      | Reached XP level 3. HP: 31/31 MP: 4/4
   311 | D:1      | Found a faded altar of an unknown god.
   484 | D:1      | Glimpsed the power of Zot.
   583 | D:2      | Identified the +0 pair of boots of Eternity {MP+9 Int-3
                  | Dex+4}
   613 | D:3      | Found a sparkling altar of Nemelex Xobeh.
   627 | D:3      | Reached XP level 4. HP: 32/38 MP: 5/5
   727 | D:3      | Reached skill level 4 in Axes
   758 | D:3      | Noticed Robin
   777 | D:3      | Killed Robin
   814 | D:3      | Reached XP level 5. HP: 45/45 MP: 6/6
  1153 | D:4      | Reached skill level 5 in Axes
  1198 | D:4      | Reached XP level 6. HP: 51/51 MP: 7/7
  1225 | D:4      | Reached skill level 6 in Axes
  1345 | D:4      | Gained mutation: You are frail. (-10% HP) [potion of
                  | mutation]
  1345 | D:4      | Gained mutation: You have a beak for a mouth. [potion of
                  | mutation]
  1345 | D:4      | Gained mutation: You expend magic power (3 MP) to
                  | strengthen your wands. [potion of mutation]
  1346 | D:4      | Lost mutation: You have a beak for a mouth. [potion of
                  | mutation]
  1346 | D:4      | Lost mutation: You expend magic power (3 MP) to strengthen
                  | your wands. [potion of mutation]
  1346 | D:4      | Lost mutation: You are frail. (-10% HP) [potion of
                  | mutation]
  1346 | D:4      | Gained mutation: You are clumsy. (Dex -2) [potion of
                  | mutation]
  1346 | D:4      | Gained mutation: You occasionally shout uncontrollably at
                  | your foes. [potion of mutation]
  1346 | D:4      | Gained mutation: Your system is resistant to poisons.
                  | (rPois) [potion of mutation]
  1346 | D:4      | Gained mutation: You have a somewhat thin skeletal
                  | structure. (Dex +2, Stealth+) [potion of mutation]
  1707 | D:4      | Reached XP level 7. HP: 57/57 MP: 8/8
  1710 | D:4      | Reached skill level 7 in Axes
  1722 | D:4      | Found a staircase to the Ecumenical Temple.
  1727 | Temple   | Entered the Ecumenical Temple
  1905 | Temple   | Became a worshipper of the Shining One
  1966 | D:4      | Reached skill level 8 in Axes
  2042 | D:5      | Entered Level 5 of the Dungeon
  2110 | D:5      | Reached XP level 8. HP: 30/63 MP: 9/9
  2121 | D:5      | HP: 2/63 [black bear (3)]
  2129 | D:5      | Reached skill level 9 in Axes
  2213 | D:5      | Reached skill level 10 in Axes
  2441 | D:5      | Noticed Prince Ribbit
  2469 | D:5      | Killed Prince Ribbit
  2470 | D:5      | Reached skill level 11 in Axes
  2470 | D:5      | Gained mutation: You passively map the area around you.
                  | [Meteoran growth]
  2470 | D:5      | Reached XP level 9. HP: 23/70 MP: 10/10
  2482 | D:5      | Found a transporter.
  2483 | D:5      | Noticed flotson's ghost (weakling DsDe)
  2488 | D:5      | Found a transporter.
  2567 | D:6      | Found Wutareng's Armour Boutique.
  2721 | D:6      | Reached * piety under the Shining One
  2766 | D:6      | Reached skill level 12 in Axes
  2806 | D:6      | Identified the +11 war axe of Honesty {drain, rPois Dex+4}
  2938 | D:6      | Identified the +1 ring mail "Poeh" {Stlth+}
  3240 | D:7      | Reached skill level 13 in Axes
  3265 | D:7      | Got the Exposition on the Collective Tempest
  3355 | D:7      | Found a flagged portal.
  3452 | Bailey   | Entered a bailey
  3532 | Bailey   | Reached ** piety under the Shining One
  3551 | Bailey   | HP: 3/70 [gnoll sergeant/+0 halberd (12)]
  3551 | Bailey   | The Shining One protects you from harm!
  3553 | Bailey   | Mangled by a gnoll sergeant

Illustrated notes

Levels and vault maps discovered:
D:1:      dpeg_arrival_long_road, layout_loops_cross,
          hellmonk_ecumenical_altar_crossroads
D:2:      layout_rooms
D:3:      layout_basic, nemelex_xobeh_ov_fountains_minmay, uniq_terence,
          uniq_robin
D:4:      minmay_door_path, layout_loops_ring, temple_doors_cd
D:5:      layout_rooms, gammafunk_ghost_smash, reono_crystal_passage,
          minmay_fractal_squares_5, uniq_prince_ribbit1
D:6:      layout_basic, serial_shops, nicolae_shop_crystal
D:7:      layout_layer_cave, enter_bailey_8, uniq_pikel, uniq_joseph
Temple:   minmay_crystal_spiral_temple
Bailey:   bailey_polearm_gnolls_kennysheep, bailey

Skill      XL: |  1  2  3  4  5  6  7  8  9 |
---------------+----------------------------+-----
Throwing       | 1 2 3 4 |  4.0
Axes           | 3 4 5 6 8 11 13 | 13.9
Fighting       | |  3.2
Armour         | |  3.6
Shields        | |  3.6

Action                   |  1- 3 |  4- 6 |  7- 9 || total
-------------------------+-------+-------+-------++-------
Melee: War axe           |    83 |   159 |   230 ||   472
Throw: Dart              |       |       |     8 ||     8
       Throwing net      |       |       |     1 ||     1
Evoke: Wand              |       |       |     4 ||     4
  Use: Scroll            |       |     4 |     1 ||     5
       Potion            |       |     2 |     6 ||     8
Armor: Scale mail        |    48 |    89 |    90 ||   227
       Ring mail         |       |       |    26 ||    26
Dodge: Dodged            |    41 |    68 |    69 ||   178
Block: Buckler           |    24 |    37 |    66 ||   127

Table legend: (Time is in decaauts)
 A = Elapsed time spent in this place.
 B = Non-inter-level travel time spent in this place.
 C = Inter-level travel time spent in this place.
 D = Time resting spent in this place.
 E = Time spent auto-exploring this place.
 F = Levels seen in this place.
 G = Mean time per level.
                   A        B        C        D        E       F      G
               +--------+--------+--------+--------+--------+-----+--------+
         Total |   3626 |   3439 |    187 |      0 |   1899 |   9 |  402.9 |
       Dungeon |   3312 |   3213 |     99 |      0 |   1769 |   7 |  473.1 |
        Temple |    216 |    128 |     88 |      0 |    112 |   1 |  216.0 |
        Bailey |     97 |     97 |      0 |      0 |     18 |   1 |   97.0 |
               +--------+--------+--------+--------+--------+-----+--------+

Top non-repeatable levels by time:
     D:4: 770 daAuts
     D:6: 681 daAuts
     D:1: 542 daAuts
     D:3: 533 daAuts
     D:5: 481 daAuts
  Temple: 216 daAuts
     D:7: 213 daAuts
  Bailey: 97 daAuts
     D:2: 89 daAuts
